AoeStats
← Launger

Arena

510191127Analyzed
4v4 RM · 4d ago on Sep 29, 2026· 47m 43s· 8 players
Game mode
Random Map
Map size
Large (8 player)
Population
200
Speed
Normal
Resources
Standard
Victory
Conquest
Starting age
Dark Age
Ending age
Imperial Age
RankedLock teamsTeams togetherTeam positionsShared explorationLock speedFull tech treeHidden civsTurbo modeCheats
Victory
Defeat
🇮🇳 Cumans · India
1622
+3
🇨🇦 Vietnamese · Canada
1517
+5
🇬🇪 Franks · Georgia
1000
+83
🇦🇷 Armenians · Argentina
960
+84
🇦🇷 Franks · Argentina
1266
-16
🇵🇱 Italians · Poland
1204
-14
🇫🇷 Celts · France
1193
-13
🇧🇷 Bohemians · Brazil
1193
-12
Capixo
10:45 Feudal Age
14:17 Castle Age
12:40 Double-Bit Axe
16:10 Scale Mail Armor
17:24 Pikeman
24:29 Scale Barding Armor
24:25 Light Cavalry
26:28 Chain Barding Armor
27:52 Husbandry
28:25 Loom
29:18 Wheelbarrow
31:07 Scale Mail Armor
35:35 Imperial Age
33:48 Forging
35:20 Chemistry
34:49 Bow Saw
34:49 Town Watch
36:45 Conscription
36:34 Murder Holes
37:40 Siege Engineers
40:41 Halberdier
41:38 Houfnice
Launger
10:24 Feudal Age
11:22 Double-Bit Axe
12:09 Loom
14:40 Castle Age
17:37 Bow Saw
17:37 Loom
19:51 Fletching
20:01 Padded Archer Armor
20:14 Crossbowman
29:09 Wheelbarrow
34:19 Imperial Age
32:39 Ballistics
33:21 Bodkin Arrow
33:52 Gold Mining
35:17 Elite Skirmisher
36:47 Hand Cart
40:14 Chemistry
Tatie
6:09 Loom
10:47 Feudal Age
16:16 Castle Age
14:27 Stone Mining
15:13 Gold Mining
15:19 Double-Bit Axe
16:46 Loom
19:53 Bow Saw
23:49 Horse Collar
27:12 Wheelbarrow
29:15 Wheelbarrow
29:16 Heavy Plow
32:23 Hand Cart
36:28 Imperial Age
36:35 Imperial Age
34:07 Scale Mail Armor
34:56 Gold Shaft Mining
34:40 Caravan
35:22 Stone Shaft Mining
35:27 Forging
35:33 Chain Mail Armor
36:42 Pikeman
37:24 Halberdier
37:49 Arson
44:31 Plate Mail Armor
ju@mpi
0:30 Loom
12:07 Feudal Age
12:57 Double-Bit Axe
18:09 Castle Age
16:41 Stone Mining
17:14 Gold Mining
19:42 Wheelbarrow
19:28 Bow Saw
23:51 Squires
24:18 Pikeman
26:44 Scale Mail Armor
26:55 Forging
32:57 Imperial Age
30:42 Husbandry
32:02 Scale Barding Armor
32:33 Iron Casting
32:28 Hand Cart
32:56 Chain Mail Armor
33:00 Cavalier
34:05 Conscription
33:10 Halberdier
35:39 Chain Barding Armor
39:10 Plate Barding Armor
39:06 Plate Mail Armor
41:21 Blast Furnace
40:28 Fletching
40:40 Onager
42:42 Fortified Wall
42:56 Ballistics
42:25 Paladin
Kyumsi
10:57 Feudal Age
12:48 Loom
15:32 Castle Age
13:45 Horse Collar
14:34 Double-Bit Axe
18:23 Bow Saw
21:47 Gambesons
22:56 Heavy Plow
23:03 Squires
24:21 Man-at-Arms
24:47 Arson
26:23 Wheelbarrow
26:24 Long Swordsman
27:50 Two-Handed Swordsman
29:12 Gold Mining
29:12 Stone Mining
30:22 Champion
31:11 Scale Mail Armor
33:14 Chain Mail Armor
33:09 Forging
35:40 Imperial Age
33:28 Hand Cart
33:01 Town Watch
35:03 Gold Shaft Mining
35:30 Iron Casting
35:42 Capped Ram
37:41 Plate Mail Armor
38:12 Blast Furnace
37:21 Fereters
37:34 Siege Ram
39:49 Conscription
46:10 Fletching
46:21 Padded Archer Armor
46:26 Scale Barding Armor
45:43 Pikeman
46:25 Town Patrol
Lord Snow
8:31 Feudal Age
9:05 Double-Bit Axe
10:12 Horse Collar
15:31 Wheelbarrow
19:57 Castle Age
19:32 Bloodlines
19:30 Scale Barding Armor
19:35 Forging
19:30 Loom
20:56 Gold Mining
21:29 Chain Barding Armor
22:28 Hand Cart
25:40 Stone Mining
26:25 Gold Shaft Mining
26:12 Bow Saw
26:22 Capped Ram
28:51 Heavy Plow
32:36 Imperial Age
32:47 Elite Steppe Lancer
34:16 Plate Barding Armor
34:22 Caravan
37:11 Coinage
37:56 Iron Casting
37:12 Fletching
38:10 Crop Rotation
40:21 Banking
40:02 Guilds
40:56 Two-Man Saw
39:44 Siege Ram
41:27 Blast Furnace
40:23 Bodkin Arrow
43:05 Ballistics
43:45 Chemistry
42:56 Masonry
VIT | Hera
10:50 Feudal Age
14:32 Castle Age
12:54 Double-Bit Axe
13:13 Horse Collar
15:33 Bow Saw
15:25 Heavy Plow
20:08 Fletching
21:07 Wheelbarrow
21:07 Loom
21:58 Bodkin Arrow
24:40 Hand Cart
25:21 Town Watch
29:24 Imperial Age
27:28 Padded Archer Armor
27:46 Gold Mining
27:47 Stone Mining
29:32 Ballistics
29:28 Leather Archer Armor
29:30 Caravan
30:09 Bracer
32:49 Chemistry
33:20 Two-Man Saw
34:07 Ring Archer Armor
34:24 Crop Rotation
35:18 Thumb Ring
36:52 Siege Engineers
37:57 Elite Rattan Archer
44:02 Paper Money
44:18 Hoardings
44:05 Bombard Tower
43:56 Masonry
43:26 Treadmill Crane
43:42 Murder Holes
43:34 Arrowslits
46:55 Spies/Treason
beigebaths
12:35 Feudal Age
14:34 Wheelbarrow
15:29 Double-Bit Axe
17:57 Forging
23:25 Castle Age
25:12 Hand Cart
25:54 Hand Cart
28:50 Loom
28:59 Loom
31:15 Forging
31:11 Scale Barding Armor
31:13 Husbandry
31:10 Gold Mining
31:11 Stone Mining
32:47 Iron Casting
33:45 Caravan
38:40 Chain Barding Armor
40:59 Imperial Age
41:09 Imperial Age
41:46 Gold Shaft Mining
42:13 Cavalier
43:18 Chivalry
44:44 Plate Barding Armor
45:10 Blast Furnace
47:32 Ordonnance Companies
Connection lost

Rejoining the realm…

Still unreachable

The connection could not be restored.

Session expired

The server has moved on; the page needs a fresh start.